[Event "DVM U12 2021-22"]
[Site "Naumburg"]
[Date "2022.03.28"]
[Round "6"]
[White "Schimann, Kirill"]
[Black "Zhao, Yunsheng"]
[Result "1/2-1/2"]
[ECO "D00"]
[WhiteElo "1344"]
[BlackElo "1105"]
[Annotator "COMBH"]
[PlyCount "192"]
[EventDate "2022.03.25"]
[EventType "team-tourn"]
[EventRounds "7"]
[EventCountry "GER"]
[SourceTitle "playchess.com"]
[Source "ChessBase"]
[SourceQuality "1"]
[TimeControl "40/5400+30:1800+30"]

1. d4 d5 2. Bf4 Nf6 3. e3 e6 4. Nd2 Bd6 5. Bg3 Bxg3 6. hxg3 Bd7 7. c3 Nc6 8. Ngf3 h6 9. Bd3 Qe7 10. a3 O-O 11. Nb3 b6 12. Nbd2 Rfe8 13. O-O e5 14. dxe5 Nxe5 15. Be2 Nxf3+ 16. Bxf3 Rad8 17. Qc2 Ne4 18. Rfd1 Bf5 19. Nxe4 Bxe4 20. Bxe4 Qxe4 21. Qxe4 Rxe4 22. Rac1 c5 23. Rc2 d4 24. cxd4 cxd4 25. Rcd2 d3 26. Rxd3 Rc8 27. Rd8+ Re8 28. Rxe8+ Rxe8 29. Kf1 Kf8 30. Rd7 a6 31. Ke2 Rc8 32. Kd3 Rc5 33. Rd6 Rb5 34. b4 Ke7 35. Rd4 a5 36. Kc3 axb4+ 37. Rxb4 Rc5+ 38. Kb3 b5 39. a4 bxa4+ 40. Rxa4 Rf5 41. Re4+ Kd6 42. Rf4 Rb5+ 43. Kc3 Ke6 44. Kd3 g5 45. Rc4 f6 46. Rc6+ Kf7 47. f4 Rb3+ 48. Ke4 Rb4+ 49. Kf3 Rb1 50. Rc7+ Ke6 51. g4 Rf1+ 52. Ke2 Rb1 53. Rh7 Rh1 54. Kf3 Rh4 55. g3 Rh2 56. fxg5 fxg5 57. Ke4 Rh1 58. Rh8 Rh2 59. Ra8 Re2 60. Ra6+ Ke7 61. Rxh6 Ra2 62. Kf5 Ra5+ 63. Kg6 Re5 64. e4 Ke6 65. Kh5+ Kf7 66. Rg6 Rxe4 67. Rxg5 Re3 68. Rf5+ Kg7 69. Kh4 Kg6 70. Rg5+ Kf6 71. Rc5 Re6 72. g5+ Kg6 73. Kg4 Re4+ 74. Kf3 Ra4 75. Re5 Ra3+ 76. Re3 Rxe3+ 77. Kxe3 Kxg5 78. Kf2 Kg4 79. Kg2 Kg5 80. Kf3 Kf5 81. Ke3 Kg4 82. Kf2 Kg5 83. Kg2 Kg4 84. Kh2 Kg5 85. Kh3 Kh5 86. g4+ Kg5 87. Kg3 Kg6 88. Kf4 Kf6 89. g5+ Kg6 90. Kg4 Kg7 91. Kf5 Kf7 92. g6+ Kg7 93. Kg5 Kf8 94. Kf6 Kg8 95. Kg5 Kf8 96. g7+ Kg8 1/2-1/2

[Event "DVM U12 2021-22"]
[Site "Naumburg"]
[Date "2022.03.28"]
[Round "6"]
[White "Fadeev, Justin Michael"]
[Black "Dordevic, Tom"]
[Result "0-1"]
[ECO "B43"]
[WhiteElo "1327"]
[BlackElo "1671"]
[Annotator "COMBH"]
[PlyCount "43"]
[EventDate "2022.03.25"]
[EventType "team-tourn"]
[EventRounds "7"]
[EventCountry "GER"]
[SourceTitle "playchess.com"]
[Source "ChessBase"]
[SourceQuality "1"]
[TimeControl "40/5400+30:1800+30"]

1. e4 c5 2. Nf3 e6 3. d4 cxd4 4. Nxd4 a6 5. Nc3 Qc7 6. g3 b5 7. Bg2 Bb7 8. O-O Nf6 9. a3 d6 10. Be3 Nbd7 11. Nb3 Ne5 12. f4 Nc4 13. Bc1 Rd8 14. Qe2 Be7 15. Rd1 Qb6+ 16. Kh1 h5 17. h3 Ng4 18. Nd4 e5 19. hxg4 exd4 20. Qf2 hxg4+ 21. Kg1 dxc3 22. Rd4 0-1

[Event "DVM U12 2021-22"]
[Site "Naumburg"]
[Date "2022.03.28"]
[Round "6"]
[White "Gulamzada, Elmir"]
[Black "Wartenberg, Alexander"]
[Result "1-0"]
[ECO "C42"]
[WhiteElo "1291"]
[BlackElo "1639"]
[Annotator "COMBH"]
[PlyCount "89"]
[EventDate "2022.03.25"]
[EventType "team-tourn"]
[EventRounds "7"]
[EventCountry "GER"]
[SourceTitle "playchess.com"]
[Source "ChessBase"]
[SourceQuality "1"]
[TimeControl "40/5400+30:1800+30"]

1. e4 e5 2. Nf3 Nf6 3. Nxe5 Nc6 4. Nxc6 dxc6 5. Nc3 Bc5 6. Be2 O-O 7. O-O Re8 8. d3 Qd6 9. Na4 Bd4 10. c3 Be5 11. f4 Bd4+ 12. cxd4 Qxd4+ 13. Kh1 b6 14. Nc3 Bb7 15. Bf3 Ba6 16. e5 Nd5 17. Nxd5 cxd5 18. Qb3 Rad8 19. Re1 c5 20. Be3 Qxd3 21. Be2 Qxb3 22. axb3 Bxe2 23. Rxe2 d4 24. Bf2 a5 25. Rd2 h6 26. Re1 Re7 27. Rde2 Rde8 28. Kg1 Kh7 29. Kf1 g5 30. f5 Kg8 31. e6 f6 32. Bg3 Rd8 33. Rd2 Rd5 34. Rf2 Kg7 35. Bc7 Kf8 36. Bxb6 Rb7 37. Bxa5 Rxb3 38. Bd8 d3 39. Bxf6 c4 40. Bc3 Rbb5 41. f6 Rf5 42. e7+ Ke8 43. f7+ Rxf7 44. Rxf7 d2 45. Rf8+ 1-0

[Event "DVM U12 2021-22"]
[Site "Naumburg"]
[Date "2022.03.28"]
[Round "6"]
[White "Rohatgi, Kushagra"]
[Black "Marinin, Georgii"]
[Result "0-1"]
[ECO "B13"]
[WhiteElo "1243"]
[BlackElo "1293"]
[Annotator "NA RC"]
[PlyCount "84"]
[EventDate "2022.03.25"]
[EventType "team-tourn"]
[EventRounds "7"]
[EventCountry "GER"]
[SourceTitle "playchess.com"]
[Source "ChessBase"]
[SourceQuality "1"]
[TimeControl "40/5400+30:1800+30"]

1. e4 c6 2. d4 d5 3. exd5 cxd5 4. Bd3 Nc6 5. c3 Nf6 6. Bf4 g6 7. Nf3 Bg7 8. Nbd2 O-O 9. O-O Bf5 10. Bxf5 gxf5 11. Qc2 e6 12. Ne5 Nxe5 13. Bxe5 Kh8 14. h3 Rg8 15. Nf3 Ne4 16. Bxg7+ Rxg7 17. Nd2 Qg5 18. g3 Nxd2 19. Rfd1 Ne4 20. Qc1 f4 21. Kf1 fxg3 22. Qxg5 Rxg5 23. fxg3 Rxg3 24. Re1 Rxh3 25. Kg2 Rg3+ 26. Kh2 Rag8 27. Rg1 Rxg1 28. Rxg1 Rxg1 29. Kxg1 h5 30. Kh2 f5 31. Kg2 Kg7 32. Kh3 Kg6 33. Kh4 f4 34. Kh3 f3 35. Kh2 f2 36. Kg2 h4 37. Kf1 h3 38. b4 h2 39. Kg2 h1=Q+ 40. Kxh1 f1=Q+ 41. Kh2 Qf2+ 42. Kh1 Ng3# 0-1

[Event "DVM U12 2021-22"]
[Site "Naumburg"]
[Date "2022.03.28"]
[Round "6"]
[White "Moldovan, Stela"]
[Black "Eichner, Tim"]
[Result "1-0"]
[ECO "D02"]
[WhiteElo "1209"]
[BlackElo "1460"]
[Annotator "NA RC"]
[PlyCount "85"]
[EventDate "2022.03.25"]
[EventType "team-tourn"]
[EventRounds "7"]
[EventCountry "GER"]
[SourceTitle "playchess.com"]
[Source "ChessBase"]
[SourceQuality "1"]
[TimeControl "40/5400+30:1800+30"]

1. d4 d5 2. Nf3 Bf5 3. e3 e6 4. Bd3 Bg6 5. Nbd2 Nf6 6. Ne5 c5 7. b3 Nbd7 8. Bb2 Rc8 9. Bb5 a6 10. Bxd7+ Nxd7 11. O-O Bd6 12. f4 Nf6 13. Rc1 b5 14. c4 b4 15. Qf3 Be4 16. Nxe4 Nxe4 17. Qh5 O-O 18. Rf3 f6 19. Ng4 f5 20. Ne5 Bxe5 21. fxe5 g6 22. Qh6 Rf7 23. cxd5 Qxd5 24. Rff1 Rfc7 25. h4 cxd4 26. exd4 Rxc1 27. Rxc1 Rc6 28. Qe3 Kg7 29. Qe1 a5 30. Qe3 h6 31. a3 g5 32. hxg5 hxg5 33. Rxc6 Qxc6 34. axb4 axb4 35. Qc1 Qd5 36. Qc4 Nd2 37. Qxb4 Nxb3 38. Qe7+ Kg6 39. Qf6+ Kh5 40. Qh8+ Kg4 41. Qh3+ Kf4 42. Kf2 g4 43. Qe3# 1-0

[Event "DVM U12 2021-22"]
[Site "Naumburg"]
[Date "2022.03.28"]
[Round "6"]
[White "Sato, Kai Nathan"]
[Black "Moldovan, Tudor"]
[Result "1-0"]
[ECO "B06"]
[WhiteElo "1151"]
[BlackElo "1219"]
[Annotator "COMBH"]
[PlyCount "147"]
[EventDate "2022.03.25"]
[EventType "team-tourn"]
[EventRounds "7"]
[EventCountry "GER"]
[SourceTitle "playchess.com"]
[Source "ChessBase"]
[SourceQuality "1"]
[TimeControl "40/5400+30:1800+30"]

1. e4 g6 2. d4 Bg7 3. Nf3 a6 4. Nc3 b5 5. Bd3 Bb7 6. O-O d6 7. a4 bxa4 8. Nxa4 Nd7 9. Re1 e5 10. d5 Ne7 11. Be3 O-O 12. Qd2 c6 13. c4 c5 14. b4 Rc8 15. Reb1 Ba8 16. bxc5 dxc5 17. Bg5 f6 18. Bh6 Rf7 19. Rb2 f5 20. Bxg7 Rxg7 21. Qc3 Qc7 22. Ng5 Nf8 23. Nb6 Rb8 24. Nxa8 Rxa8 25. Rba2 Qd6 26. Ra5 Qf6 27. Nf3 Nd7 28. Qa3 fxe4 29. Bxe4 Qf4 30. Re1 Nf6 31. Qd3 Nc8 32. d6 Nxe4 33. Qd5+ Rf7 34. Qxa8 Nexd6 35. Rxa6 Rf8 36. Qd5+ Nf7 37. Nxe5 Ne7 38. Qe6 Qd4 39. Nxf7 Rxf7 40. Ra8+ Kg7 41. Qe5+ Qxe5 42. Rxe5 Nc6 43. Rxc5 Nd4 44. f3 Rb7 45. Ra2 Re7 46. Kf2 h5 47. Rd5 Nc6 48. Rd6 Nb4 49. Ra4 Nc2 50. c5 Kh6 51. c6 Kg5 52. Rd7 Re6 53. c7 Rc6 54. Ra8 Rxc7 55. Rxc7 Nd4 56. Ra5+ Nf5 57. h3 h4 58. Rh7 Kf6 59. Rxf5+ Kxf5 60. Rxh4 g5 61. Rg4 Kf6 62. f4 gxf4 63. Rxf4+ Kg5 64. Kf3 Kg6 65. g4 Kg5 66. Kg3 Kg6 67. h4 Kh6 68. Rf5 Kg7 69. Kf4 Kh7 70. Rg5 Kh8 71. Kf5 Kh7 72. Kf6 Kh8 73. Kf7 Kh7 74. Rh5# 1-0

[Event "DVM U12 2021-22"]
[Site "Naumburg"]
[Date "2022.03.28"]
[Round "6"]
[White "Börner, Eric"]
[Black "Teng, David"]
[Result "0-1"]
[ECO "B23"]
[WhiteElo "1134"]
[BlackElo "1334"]
[Annotator "COMBH"]
[PlyCount "70"]
[EventDate "2022.03.25"]
[EventType "team-tourn"]
[EventRounds "7"]
[EventCountry "GER"]
[SourceTitle "playchess.com"]
[Source "ChessBase"]
[SourceQuality "1"]
[TimeControl "40/5400+30:1800+30"]

1. e4 c5 2. Nc3 a6 3. a4 Nc6 4. g3 e6 5. Bg2 Nf6 6. Nge2 Be7 7. d3 O-O 8. O-O d5 9. exd5 exd5 10. d4 c4 11. h3 Bf5 12. Be3 Qd7 13. Nf4 Nb4 14. Rc1 b5 15. axb5 axb5 16. g4 Bg6 17. Nxg6 fxg6 18. f4 Ne8 19. Qd2 Nc7 20. Rf2 Nc6 21. Rcf1 b4 22. Ne2 Rf7 23. c3 bxc3 24. bxc3 Na5 25. Ra1 Rff8 26. Rff1 Nb3 27. Rxa8 Nxd2 28. Rxf8+ Kxf8 29. Bxd2 Qa4 30. Kf2 Nb5 31. Bxd5 Nc7 32. Bg2 Qc2 33. Be3 Bh4+ 34. Kf3 Nd5 35. Rc1 Qd3 0-1

[Event "DVM U12 2021-22"]
[Site "Naumburg"]
[Date "2022.03.28"]
[Round "6"]
[White "Streich, Alexander"]
[Black "Aaron Joel N"]
[Result "0-1"]
[ECO "C70"]
[WhiteElo "1129"]
[BlackElo "1197"]
[Annotator "COMBH"]
[PlyCount "42"]
[EventDate "2022.03.25"]
[EventType "team-tourn"]
[EventRounds "7"]
[EventCountry "GER"]
[SourceTitle "playchess.com"]
[Source "ChessBase"]
[SourceQuality "1"]
[TimeControl "40/5400+30:1800+30"]

1. e4 e5 2. Nf3 Nc6 3. Bb5 a6 4. Ba4 b5 5. Bb3 Bc5 6. Bd5 Nf6 7. Nxe5 Nxd5 8. Nxc6 dxc6 9. exd5 cxd5 10. Qf3 Qe7+ 11. Kd1 O-O 12. Re1 Qg5 13. h3 Qf5 14. Qxf5 Bxf5 15. Re5 Bg6 16. f3 c6 17. h4 Rfe8 18. Rg5 h6 19. Rg3 Bf2 20. d3 Bxg3 21. Nd2 Re1# 0-1

[Event "DVM U12 2021-22"]
[Site "Naumburg"]
[Date "2022.03.28"]
[Round "6"]
[White "Könnecke, Maximilian"]
[Black "Pimenov, Danil"]
[Result "0-1"]
[ECO "A45"]
[WhiteElo "929"]
[BlackElo "1227"]
[Annotator "NA RC"]
[PlyCount "110"]
[EventDate "2022.03.25"]
[EventType "team-tourn"]
[EventRounds "7"]
[EventCountry "GER"]
[SourceTitle "playchess.com"]
[Source "ChessBase"]
[SourceQuality "1"]
[TimeControl "40/5400+30:1800+30"]

1. d4 Nf6 2. c3 g6 3. e3 Bg7 4. f4 d5 5. Nf3 O-O 6. Bd3 Nbd7 7. Qc2 c5 8. Nbd2 c4 9. Be2 b5 10. b4 Bb7 11. O-O a5 12. a3 axb4 13. cxb4 Nb6 14. Ne5 Ne4 15. Rf3 Qc8 16. Rh3 f5 17. Ndf3 e6 18. Bd2 Nd7 19. Nxd7 Qxd7 20. Qb2 Bf6 21. Ne5 Qc7 22. Bf3 c3 23. Qc2 Nxd2 24. Be2 Bxe5 25. fxe5 Ba6 26. Rh4 Ne4 27. Bd3 Rfc8 28. Bxe4 dxe4 29. Qb3 Qc4 30. Qxc4 Rxc4 31. g4 Bb7 32. g5 c2 33. Rc1 Rxa3 34. Rf4 Rxe3 35. Rff1 Re2 36. Rf2 Rxf2 37. Kxf2 Kf7 38. Ke2 Bd5 39. Ke3 Ke8 40. h3 Kd7 41. h4 Kc6 42. Kd2 Rxd4+ 43. Kc3 Rc4+ 44. Kb3 f4 45. Rxc2 Rxc2+ 46. Kxc2 Bc4 47. Kd2 e3+ 48. Kd1 f3 49. Ke1 f2+ 50. Kd1 f1=Q+ 51. Kc2 Qd3+ 52. Kb2 Qd2+ 53. Kb1 Bb3 54. h5 Qc2+ 55. Ka1 Qc1# 0-1